 Dungeon Crawl Stone Soup version 0.22-a0-580-gd5db89c09a (webtiles) character file.

1079 RedPan the Chopper (level 8, -5/69 HPs)
             Began as a Deep Dwarf Fighter on July 3, 2018.
             Was a Follower of Makhleb.
             Slain by an orc warrior
             ... wielding a +0 halberd
              (15 damage)
             ... on level 6 of the Dungeon.
             The game lasted 00:19:42 (4609 turns).

RedPan the Chopper (Deep Dwarf Fighter)             Turns: 4609, Time: 00:19:42

Health: -5/69      AC: 14    Str: 27    XL:     8   Next: 8%
Magic:  9/9        EV:  6    Int:  9    God:    Makhleb [*.....]
Gold:   252        SH: 16    Dex: 12    Spells: 7/7 levels left

rFire    . . .     SeeInvis .   a - +1 war axe
rCold    . . .     Gourm    .   c - +0 shield
rNeg     . . .     Faith    .   h - +1 chain mail {rPois}
rPois    +         Spirit   .   t - +0 helmet
rElec    .         Reflect  +   (no cloak)
rCorr    .         Harm     .   q - +0 pair of gloves
MR       +....                  i - +0 pair of boots (curse)
Stlth    ..........             l - +5 amulet of reflection
HPRegen  0.00/turn              (no ring)
MPRegen  0.11/turn              (no ring)

@: mighty, non-regenerating, hasted, very quick
A: damage resistance, heal wounds, sense surroundings 1, no regeneration
a: Heal Wounds, Renounce Religion


You were on level 6 of the Dungeon.
You worshipped Makhleb.
Makhleb was aware of your devotion.
You were not hungry.

You visited 2 branches of the dungeon, and saw 7 of its levels.

You collected 252 gold pieces.

Inventory:

Hand Weapons
 a - a +1 war axe (weapon)
Armour
 c - a +0 shield (worn)
 h - a +1 chain mail of poison resistance (worn)
 i - a cursed +0 pair of boots (worn)
 q - a +0 pair of gloves (worn)
 t - a +0 helmet (worn)
Jewellery
 j - an uncursed amulet of faith
 l - a +5 amulet of reflection (around neck)
 n - a cursed amulet of inaccuracy
Scrolls
 e - a scroll of identify
 g - a scroll of amnesia
 k - 2 scrolls of blinking
 s - a scroll of enchant weapon
 u - 2 scrolls of teleportation
 v - a scroll of magic mapping
Potions
 d - a potion of might
 m - 2 potions of berserk rage
 p - a potion of lignification {unknown}
 w - 2 potions of flight
Comestibles
 b - 6 chunks of flesh
 f - 6 rations


   Skills:
 - Level 3.0 Fighting
 * Level 7.1 Axes
 + Level 5.7 Armour
 + Level 5.8 Shields
 + Level 4.0 Invocations


You had 7 spell levels left.
You didn't know any spells.
Your spell library was empty.

Dungeon Overview and Level Annotations

Branches:
Dungeon (6/15)             Temple (1/1) D:4

Altars:
Cheibriados
Dithmenos
Elyvilon
Fedhas
Kikubaaqudgha
Makhleb
Nemelex Xobeh
Okawaru
Qazlal
Ru
Sif Muna
Trog
Uskayaw
Vehumet
Wu Jian
Xom
Yredelemnul
Zin


Innate Abilities, Weirdness & Mutations

You are resistant to damage.
You can heal yourself by infusing magical energy.
You passively map a small area around you.
You do not regenerate.


Message History

a mace; a leather armour You barely miss the orc warrior.
The orc warrior hits you with a halberd.
* * * LOW HITPOINT WARNING * * *
You hit the orc warrior but do no damage.
You block the orc warrior's attack.
You closely miss the orc warrior.
You hit the orc warrior but do no damage.
You block the orc warrior's attack.
You barely miss the orc warrior.
The orc warrior hits you with a halberd!
* * * LOW HITPOINT WARNING * * *
You hit the orc warrior but do no damage.
You feel very mighty all of a sudden.
The orc warrior hits you but does no damage.
You barely miss the orc warrior. You slash the orc warrior!
The orc warrior is heavily wounded.
The orc warrior hits you with a halberd!!
You die...

* * ########÷.###.###..##...
,.....<....# #.# #....... *
##.....÷..###'###.###.## *
#................###..# ,
..........(............. * *
*#..............#........ ,
###+#####........#.#####.. *
, ###.......#........#.
#.....
..........#@####.#.#.....##.
......o...#o.....#.#.....*#.
.(...........##### ....# #.
.#######.....#, , ....#.###
, , #.....# , <. #....
#.....# , (..##### #.....# *
..... ,, #.....# * ###.. ,
#.....# ...<.


You could see an orc warrior.

Vanquished Creatures
  A sky beast (D:6)
  2 centaurs (D:5)
  A bullfrog (D:5)
  2 howler monkeys
  A jelly (D:6)
  A bullfrog skeleton (D:4)
  A centaur skeleton (D:5)
  An orc priest (D:4)
  A hound (D:6)
  Terence (D:3)
  2 iguanas
  An orc wizard (D:4)
  Natasha (twice) (D:3)
  4 worker ants
  Robin (D:4)
  8 adders
  6 gnolls (D:5)
  2 oozes
  2 adder skeletons (D:5)
  7 worms
  2 dart slugs
  4 leopard geckos
  10 orcs
  7 bats
  5 giant cockroaches
  14 goblins
  17 hobgoblins
  8 jackals
  6 kobolds
  3 quokkas
  A ball python (D:5)
  5 frilled lizards
  A giant cockroach zombie (D:5)
  A jackal skeleton (D:4)
  A jackal zombie (D:6)
  5 rats
137 creatures vanquished.

Vanquished Creatures (others)
  A plant (D:4)
1 creature vanquished.

Grand Total: 138 creatures vanquished

Notes
Turn   | Place    | Note
-------+----------+-------------------------------------------
     0 | D:1      | RedPan the Deep Dwarf Fighter began the quest for the Orb.
     0 | D:1      | Reached XP level 1. HP: 20/20 MP: 1/1
    97 | D:1      | Reached XP level 2. HP: 25/27 MP: 2/2
   445 | D:1      | Reached skill level 3 in Axes
   476 | D:1      | Reached XP level 3. HP: 17/33 MP: 3/3
  1182 | D:2      | You fall through a shaft for 2 floors!
  1239 | D:3      | Reached XP level 4. HP: 11/42 MP: 4/4
  1274 | D:3      | Found a glowing silver altar of Zin.
  1637 | D:3      | Noticed Terence
  1652 | D:3      | Killed Terence
  1652 | D:3      | Reached skill level 4 in Axes
  1778 | D:3      | Noticed Natasha
  1790 | D:3      | Killed Natasha
  1790 | D:3      | Reached XP level 5. HP: 18/49 MP: 4/4
  2048 | D:3      | Noticed Natasha
  2057 | D:3      | Killed Natasha
  2116 | D:3      | Found a blossoming altar of Fedhas.
  2503 | D:4      | Found a burning altar of Makhleb.
  2508 | D:4      | Became a worshipper of Makhleb the Destroyer
  2533 | D:4      | Reached skill level 5 in Axes
  2533 | D:4      | Reached XP level 6. HP: 31/56 MP: 4/4
  2578 | D:4      | Reached skill level 1 in Invocations
  2968 | D:4      | Noticed Robin
  2987 | D:4      | Killed Robin
  3133 | D:4      | Found a staircase to the Ecumenical Temple.
  3139 | Temple   | Entered the Ecumenical Temple
  3478 | D:5      | Entered Level 5 of the Dungeon
  3489 | D:5      | Reached skill level 5 in Armour
  3489 | D:5      | Reached skill level 5 in Shields
  3503 | D:5      | Reached XP level 7. HP: 34/62 MP: 6/6
  3632 | D:5      | Reached * piety under Makhleb
  3632 | D:5      | Reached skill level 6 in Axes
  4211 | D:5      | Found a sparkling altar of Nemelex Xobeh.
  4485 | D:6      | Found an ancient bone altar of Kikubaaqudgha.
  4516 | D:6      | Reached skill level 7 in Axes
  4516 | D:6      | Reached XP level 8. HP: 23/69 MP: 8/8
  4609 | D:6      | Slain by an orc warrior

Vault maps used:
D:1:      ncdulo_smallfort, minmay_tetromino_s2
D:3:      nicolae_overflow_crystal_walls, lemuel_crystal_altar, uniq_terence,
          uniq_natasha
D:4:      lightli_temple_of_fire, minmay_temple_entry_fiery, serial_forest,
          infiniplex_forest_clump_cross, infiniplex_forest_lined_room_2,
          infiniplex_forest_clump_curved, infiniplex_forest_end_2,
          infiniplex_forest_zigzag_1, infiniplex_forest_pool,
          infiniplex_forest_end_3, infiniplex_forest_end_2,
          infiniplex_forest_clump_long, infiniplex_forest_clump_small,
          uniq_robin
D:5:      marbit_many_paths, first_ration, minmay_misc_feat_tiny
D:6:      lemuel_doored_altar, kennysheep_mini_moat
Temple:   cyrus_circular_temple

Skill      XL: |  1  2  3  4  5  6  7  8 |
---------------+-------------------------+-----
Axes           | 3 4 5 7 |  7.1
Fighting       | 3 |  3.0
Shields        | 4 5 |  5.8
Armour         | 4 5 |  5.7
Invocations    | 2 3 4 |  4.0

Action                   |  1- 3 |  4- 6 |  7- 9 || total
-------------------------+-------+-------+-------++-------
Melee: War axe           |   155 |   247 |   187 ||   589
 Abil: Heal Wounds       |       |     3 |       ||     3
  Use: Scroll            |     2 |     9 |     4 ||    15
       Potion            |       |       |     5 ||     5
  Eat: Chunk             |     1 |     8 |     4 ||    13
Armor: Scale mail        |    67 |    15 |       ||    82
       Chain mail        |       |    57 |    70 ||   127
Dodge: Dodged            |    36 |    23 |    28 ||    87
Block: Shield            |    99 |   157 |   134 ||   390
       Reflection        |       |     1 |     2 ||     3

Table legend:
 A = Spawn XP
 B = Non-spawn XP
 C = Spawn XP percentage of total XP
 D = Spawn monster count
 E = Non-spawn monster count
 F = Spawn count percentage of total count
 G = Total turns spent on level
                    A         B        C        D         E        F      G
               +---------+---------+-------+---------+---------+-------+---------
         Total |       0 |    1542 |   0.0 |       0 |     137 |   0.0 |  4609
               +---------+---------+-------+---------+---------+-------+---------
           D:1 |       0 |      47 |   0.0 |       0 |      27 |   0.0 |   746
           D:2 |       0 |      41 |   0.0 |       0 |      11 |   0.0 |   436
           D:3 |       0 |     206 |   0.0 |       0 |      34 |   0.0 |   965
           D:4 |       0 |     344 |   0.0 |       0 |      29 |   0.0 |  1271
           D:5 |       0 |     679 |   0.0 |       0 |      28 |   0.0 |   941
           D:6 |       0 |     225 |   0.0 |       0 |       8 |   0.0 |   190
               +---------+---------+-------+---------+---------+-------+---------
